 Dungeon Crawl Stone Soup version 0.30-a0-187-gd9c2deaf24 (webtiles) character file.

Game seed: 3743194725884965130

1302 freelancePsychic the Nimble (level 8, -6/48 HPs)
             Began as a Deep Elf Fighter on Oct 3, 2022.
             Was a Follower of Uskayaw.
             Shot with a bolt by an orc warrior (18 damage)
             ... on level 6 of the Dungeon.
             The game lasted 00:08:05 (4703 turns).

freelancePsychic the Nimble (Deep Elf Fighter)      Turns: 4703, Time: 00:08:05

Health: -6/48      AC:  6    Str: 13    XL:     8   Next: 31%
Magic:  10/10      EV: 15    Int: 16    God:    Uskayaw [*.....]
Gold:   264        SH:  4    Dex: 14    Spells: 7/7 levels left

rFire   . . .      SeeInvis .    a - +0 long sword (venom)
rCold   + . .      Faith    .    c - +0 buckler
rNeg    . . .      Spirit   .    s - +0 steam dragon scales
rPois   +          Reflect  .    (no helmet)
rElec   .          Harm     .    (no cloak)
rCorr   .          Rampage  .    (no gloves)
Will    .....                    q - +0 pair of boots
Stlth   +.........               (no amulet)
HPRegen 0.28/turn                o - ring of Zin's Favour {rPois rC+}
MPRegen 0.12/turn                (no ring)

@: no status effects
A: no striking features
a: Renounce Religion, Stomp


You were on level 6 of the Dungeon.
You worshipped Uskayaw.
Uskayaw was noncommittal.
You visited 1 branch of the dungeon, and saw 6 of its levels.

You collected 264 gold pieces.

Inventory:

Hand Weapons
 a - a +0 long sword of venom (weapon)
 p - a +1 whip of electrocution
Armour
 b - a +0 scale mail
 c - a +0 buckler (worn)
 q - a +0 pair of boots (worn)
 s - +0 steam dragon scales (worn)
 t - a +2 robe of willpower
 u - a +0 ring mail
Jewellery
 o - the ring of Zin's Favour (left hand) {rPois rC+}
   (You found it on level 3 of the Dungeon)

   [ring of poison resistance]

   rC:        It protects you from cold.
   rPois:     It protects you from poison.
 v - a ring of see invisible
 C - a ring of protection from fire
Wands
 g - a wand of light (1)
 D - a wand of charming (13)
Scrolls
 h - 4 scrolls of teleportation {@r4}
 j - 2 scrolls of vulnerability
 l - a scroll of magic mapping
 x - a scroll of enchant weapon
 A - 5 scrolls of identify {@r1}
Potions
 d - a potion of might
 e - 2 potions of resistance {unknown}
 f - a potion of attraction {unknown}
 i - 3 potions of curing {unknown}
 k - 2 potions of haste {unknown}
 m - a potion of mutation {unknown}
 n - a potion of berserk rage {unknown}
 r - 2 potions of brilliance {unknown}
 w - a potion of flight {unknown}
 z - a potion of cancellation {unknown}
 B - 2 potions of ambrosia {unknown}


   Skills:
 + Level 4.8 Fighting
 + Level 4.3(4.8) Short Blades
 - Level 2.5(3.6) Long Blades
 - Level 2.4 Armour
 * Level 8.5 Dodging
 - Level 2.4 Shields


You had 7 spell levels left.
You didn't know any spells.
Your spell library contained the following spells:

 Spells                   Type           Power      Damage    Failure   Level
 Necrotise                Necr           0%         1d4       32%         1
 Summon Small Mammal      Summ           0%         N/A       32%         1
 Call Canine Familiar     Summ           0%         N/A       69%         3
 Summon Guardian Golem    Hex/Summ       0%         N/A       69%         3
 Vampiric Draining        Necr           0%         2d6       69%         3
 Agony                    Necr           0%         N/A       100%        5
 Arcjolt                  Conj/Air       0%         1d10      100%        5
 Iskenderun's Battlesphe  Conj           0%         2d6       100%        5
 Iron Shot                Conj/Erth      0%         9d1       100%        6
 Spellforged Servitor     Conj/Summ      0%         N/A       100%        7


Dungeon Overview and Level Annotations

Branches:
Dungeon (6/15)
 Temple: D:4-7

Altars:
Fedhas
Gozag
Ru
Sif Muna
Uskayaw
Xom

Shops:
D:4 (


Message History

You see here a river rat corpse.
Your unstable footing causes you to fumble your attack.
The worm bites you!
You are too injured to fight recklessly!
You are too injured to fight recklessly!
You are too injured to fight recklessly!
You are too injured to fight recklessly!
You are too injured to fight recklessly!
You are too injured to fight recklessly!
You are too injured to fight recklessly!
You are too injured to fight recklessly!
You are too injured to fight recklessly!
You are too injured to fight recklessly!
You are too injured to fight recklessly!
You are too injured to fight recklessly!
You are too injured to fight recklessly!
You are too injured to fight recklessly!
You are too injured to fight recklessly!
You are too injured to fight recklessly!
You are too injured to fight recklessly!
Your unstable footing causes you to fumble your attack.
An orc warrior comes into view. It is wielding a +0 dire flail.
The worm barely misses you.
Your unstable footing causes you to fumble your attack.
The orc warrior shouts!
You hear a shout!
The worm splashes around in the water.
You can no longer pass through a line of other dancers.
You barely miss the worm.
The orc warrior hits you with a +0 dire flail!
The worm splashes around in the water.
You barely miss the worm.
The orc warrior hits you with a +0 dire flail!
* * * LOW HITPOINT WARNING * * *
Blink to where?
Press: ? - help, Dir - move target
As you read the scroll of blinking, it crumbles to dust.
The orc warrior unwields a +0 dire flail.
The orc warrior wields a +0 arbalest.
The orc warrior shoots a bolt.
The bolt hits you!!
You die...

. ##.
...#+####+###
#...........#
............#
............#
........)...#
........@..!.#
.............+
.............###
................
.............###
................
##.....o...####
#.+##'........
#..#~w#....###.


You could see an orc warrior.

Vanquished Creatures
  A hornet (D:5)
  A steam dragon (D:5)
  A water moccasin (D:5)
  A black bear (D:5)
  2 ice beasts (D:5)
  2 howler monkeys
  2 hounds
  4 orc priests (D:5)
  3 iguanas
  2 orc wizards (D:5)
  8 adders
  A river rat (D:6)
  A shadow imp (D:5)
  2 white imps (D:5)
  An ufetubus (D:5)
  An adder zombie (D:2)
  2 worms
  An adder skeleton (D:2)
  4 dart slugs
  9 orcs
  2 bat zombies (D:2)
  6 endoplasms
  A giant cockroach (D:4)
  5 goblins
  11 hobgoblins
  A jackal (D:5)
  9 kobolds
  3 quokkas
  9 ball pythons
  9 bats
  3 frilled lizards
  A quokka skeleton (D:2)
  6 rats
115 creatures vanquished.

Vanquished Creatures (others)
  2 withered plants (D:2)
2 creatures vanquished.

Grand Total: 117 creatures vanquished

Notes
Turn   | Place    | Note
-------+----------+-------------------------------------------
     0 | D:1      | freelancePsychic the Deep Elf Fighter began the quest for
                  | the Orb.
     0 | D:1      | Reached XP level 1. HP: 13/13 MP: 3/3
    73 | D:1      | Reached skill level 1 in Dodging
   144 | D:1      | Reached XP level 2. HP: 18/18 MP: 4/4
   727 | D:1      | Reached skill level 2 in Dodging
   891 | D:2      | Reached XP level 3. HP: 9/22 MP: 5/5
  1226 | D:2      | Found a faded altar of an unknown god.
  1319 | D:2      | Prayed at the altar of an unknown god.
  1319 | D:2      | Became a worshipper of Uskayaw the Reveller
  1319 | D:2      | Reached * piety under Uskayaw
  1373 | D:2      | Reached skill level 3 in Dodging
  1493 | D:2      | Reached XP level 4. HP: 9/27 MP: 6/6
  1741 | D:3      | Reached ** piety under Uskayaw
  1911 | D:3      | Identified the ring of Zin's Favour {rPois rC+}
  2017 | D:3      | Found a sacrificial altar of Ru.
  2155 | D:3      | Reached *** piety under Uskayaw
  2329 | D:3      | Found a shimmering blue altar of Sif Muna.
  2352 | D:3      | Found an opulent altar of Gozag.
  2399 | D:3      | Found a blossoming altar of Fedhas.
  2417 | D:3      | Found a hide-covered altar of Uskayaw.
  2531 | D:4      | Reached **** piety under Uskayaw
  2532 | D:4      | Reached XP level 5. HP: 28/32 MP: 7/7
  2653 | D:4      | Reached skill level 4 in Dodging
  2674 | D:4      | Reached skill level 1 in Short Blades
  2733 | D:4      | Found Gemimos's Weapon Shop.
  2810 | D:5      | Entered Level 5 of the Dungeon
  2995 | D:5      | Noticed an ice beast
  3046 | D:5      | Noticed a steam dragon
  3058 | D:5      | Killed a steam dragon
  3059 | D:5      | Reached skill level 5 in Dodging
  3059 | D:5      | Reached XP level 6. HP: 16/37 MP: 8/8
  3270 | D:5      | Noticed a water moccasin
  3270 | D:5      | Noticed a hornet
  3279 | D:5      | Killed a water moccasin
  3280 | D:5      | Reached skill level 6 in Dodging
  3280 | D:5      | Reached XP level 7. HP: 23/42 MP: 9/9
  3284 | D:5      | Killed a hornet
  3284 | D:5      | Reached ***** piety under Uskayaw
  3290 | D:5      | Reached skill level 7 in Dodging
  3484 | D:5      | Reached XP level 8. HP: 5/48 MP: 10/10
  4086 | D:5      | Found a shimmering altar of Xom.
  4269 | D:5      | Reached skill level 8 in Dodging
  4703 | D:6      | Shot with a bolt by an orc warrior

Illustrated notes

Levels and vault maps discovered:
D:1:      minmay_arrival_stair_chambers, layout_basic, serial_curves,
          eino_curves_04, eino_curves_04
D:2:      layout_loops_ring, serial_undead, serial_undead_f, serial_undead_a,
          serial_undead_e, serial_undead_e, ebering_ecumenical_altar_box
D:3:      layout_loops_cross, mainiacjoe_overflow_alcove_2,
          nicolae_overflow_quartered_altars, minmay_misc_feat_tiny,
          minmay_pentomino_pile
D:4:      layout_gridville, serial_shops,
          nicolae_shop_competitors_out_of_business
D:5:      layout_loops_ring, tgw_xom, minmay_fractal_squares_gapless_5
D:6:      layout_basic, gup_sewer_entry_bowl, serial_shops,
          nicolae_shop_crystal, ebering_ghost_xom, minmay_misc_feat_pillars,
          kennysheep_nondescript, minmay_pentangle, uniq_edmund,
          uniq_blork_the_orc, uniq_pikel

Skill      XL: |  1  2  3  4  5  6  7  8 |
---------------+-------------------------+-----
Dodging        | 1 2 3 5 6 7 8 |  8.5
Long Blades    | 2 |  2.5
Fighting       | 3 4 |  4.8
Short Blades   | 2 3 4 |  4.3
Armour         | |  2.4
Shields        | |  2.4

Action                   |  1- 3 |  4- 6 |  7- 9 || total
-------------------------+-------+-------+-------++-------
Melee: Long sword        |   140 |    75 |    99 ||   314
       Whip              |       |    95 |       ||    95
Throw: Throwing net      |       |       |     1 ||     1
Evoke: Wand              |       |       |     5 ||     5
  Use: Scroll            |     3 |     1 |     3 ||     7
       Potion            |       |     2 |       ||     2
 Stab: Paralysed         |       |     1 |     3 ||     4
       Held in net/web   |       |       |     1 ||     1
       Sleeping          |       |       |     1 ||     1
Armor: Scale mail        |    65 |    56 |       ||   121
       Robe              |       |    10 |       ||    10
       Steam dragon scal |       |     5 |    26 ||    31
Dodge: Dodged            |    76 |    95 |    66 ||   237
Block: Buckler           |    39 |    33 |    22 ||    94

Table legend: (Time is in decaauts)
 A = Elapsed time spent in this place.
 B = Non-inter-level travel time spent in this place.
 C = Inter-level travel time spent in this place.
 D = Time resting spent in this place.
 E = Time spent auto-exploring this place.
 F = Levels seen in this place.
 G = Mean time per level.
                   A        B        C        D        E       F      G
               +--------+--------+--------+--------+--------+-----+--------+
         Total |   4815 |   4598 |    217 |      0 |   3599 |   6 |  802.5 |
       Dungeon |   4815 |   4598 |    217 |      0 |   3599 |   6 |  802.5 |
               +--------+--------+--------+--------+--------+-----+--------+

Top non-repeatable levels by time:
     D:5: 1472 daAuts
     D:2: 947 daAuts
     D:1: 825 daAuts
     D:3: 809 daAuts
     D:4: 711 daAuts
     D:6: 48 daAuts
